[Event "Polofinale MCR junioru 2023"]
[Site "Czech Republic"]
[Date "2023.11.12"]
[Round "2.12"]
[White "Lihotsky, Lukas"]
[Black "Trojan, Matyas"]
[Result "1/2-1/2"]
[TimeControl "90 min per 40 moves + 15 min + 30 sec / move from move 1"]
[WhiteFideId "23727004"]
[BlackFideId "23710764"]
[WhiteElo "2100"]
[BlackElo "1957"]

1. d4 d5 2. c4 c6 3. Nc3 Nf6 4. Nf3 e6 5. Bg5 Be7 6. e3 O-O 7. Rc1 Nbd7 8. Bd3 dxc4 9. Bxc4 b5 10.
Bd3 Bb7 11. O-O Rc8 12. Qe2 b4 13. Bxf6 Nxf6 14. Ne4 Nxe4 15. Bxe4 f5 16. Bd3 c5 17. Ba6 Qb6 18. Bxb7 Qxb7 19.
Qc4 Rf6 20. Rfd1 Bd6 21. dxc5 Rxc5 22. Qd3 Qe7 23. Rxc5 Bxc5 24. Ne5 f4 25. Nd7 Rf5 26. Nxc5 Qxc5 27. Qd8+ Kf7 28. Qd7+ Kf6 29. Qd8+ Kg6 30.
Qe8+ Kf6 31. Qd8+ Kg6 32. exf4 Rxf4 33. Qd3+ Kf7 34. Qd7+ Kf6 35. Qd8+ Kg6 36. Qd3+ Kf6 37. Qd8+ Kg6 38.
Qd2 Rf5 39. Qe2 Kf6 40. h3 Qe5 41. Qc2 Qc5 42. Qe2 Qe5 43. Qa6 Qc5 1/2-1/2

[Event "Polofinale MCR junioru 2023"]
[Site "Czech Republic"]
[Date "2023.11.12"]
[Round "2.13"]
[White "Lieber, Lukas"]
[Black "Davidek, Zdenek"]
[Result "0-1"]
[TimeControl "90 min per 40 moves + 15 min + 30 sec / move from move 1"]
[WhiteFideId "23700688"]
[BlackFideId "23725001"]
[WhiteElo "1959"]
[BlackElo "2099"]

1. e4 c5 2. Nf3 Nc6 3. d4 cxd4 4. Nxd4 Nf6 5. Nc3 e5 6. Ndb5 d6 7. Bg5 a6 8. Na3 b5 9. Bxf6 gxf6 10.
Nd5 f5 11. Bxb5 axb5 12. Nxb5 Ra4 13. Nbc7+ Kd7 14. O-O Rxe4 15. Qh5 Ne7 16. Qxf7 Kc6 17. c4 Rg8 18. Nf6 Rg7 19. Ne6 Bxe6 20.
Qxe6 Rd4 21. c5 Qc8 22. Qb3 Qb7 23. Qf3+ e4 24. Qf4 Nd5 25. Nxd5 Rxd5 26. Rfd1 Qxb2 27. Rdb1 Qd4 28. Qh4 Be7 29.
Qh5 Rg6 30. Qxh7 Qg7 31. Qh3 Rxc5 32. Qb3 Kd7 33. g3 Qg8 34. Qa4+ Ke6 35. Rb7 Qc8 36. Qb3+ d5 37. Rd1 Bd6 38.
Rh7 Rf6 39. Kg2 Qc6 40. Qa3 Qc8 41. Rb1 f4 42. Qb3 f3+ 43. Kh3 Rg6 44. g4 Qg8 45. Qb7 Rc7 46. Qxc7 Bxc7 47. Rxc7 Qh8+ 48. Kg3 Qe5+ 49. Kh3 Rh6# 0-1

[Event "Polofinale MCR junioru 2023"]
[Site "Czech Republic"]
[Date "2023.11.12"]
[Round "2.14"]
[White "Siles, Jan"]
[Black "Lang, Simon"]
[Result "0-1"]
[TimeControl "90 min per 40 moves + 15 min + 30 sec / move from move 1"]
[WhiteFideId "23715405"]
[BlackFideId "23712449"]
[WhiteElo "1829"]
[BlackElo "2090"]

1. d4 Nf6 2. Nf3 e6 3. Bg5 Be7 4. Nc3 d5 5. Bxf6 Bxf6 6. e4 Nc6 7. Bb5 O-O 8. exd5 exd5 9. Bxc6 bxc6 10.
O-O Rb8 11. Na4 Bg4 12. c3 Be7 13. b4 Bd6 14. Nc5 Qf6 15. h3 Bh5 16. Nd3 Rbe8 17. Re1 Re4 18. Re3 Rfe8 19. Qd2 Qh6 20.
Ree1 Qf6 21. Re3 Qf5 22. Nfe5 f6 23. Rxe4 dxe4 24. g4 Bxg4 25. hxg4 Qc8 26. f3 fxe5 27. dxe5 Bxe5 28. Nxe5 Rxe5 29.
Re1 Rd5 30. Qf4 exf3 31. Re7 Qf8 32. Qxf8+ Kxf8 33. Rxc7 Rd2 34. Rxa7 Rc2 35. a4 Rxc3 36. Kf2 Rc4 37. b5 cxb5 38.
axb5 Rb4 39. Kxf3 Rxb5 40. Kf4 h6 41. Rc7 Kg8 42. Ra7 Kh7 43. Ra6 Rb4+ 44. Kf3 Rb3+ 45. Ke4 Rh3 46. Ra7 Rh1 47.
Kf4 Rf1+ 48. Kg3 Rf6 49. Ra5 Kg6 50. Rb5 Re6 51. Rb3 Re5 52. Rb6+ Kg5 53. Rb3 Rc5 54. Ra3 Kf6 55. Re3 Re5 56.
Ra3 Rd5 57. Re3 Rd4 58. Rf3+ Kg6 59. Ra3 Rd5 60. Ra6+ Kg5 61. Ra3 Rb5 62. Rc3 Kf6 63. Re3 Re5 64. Ra3 Re6 65. Rb3 Ke5 66.
Rb7 g5 67. Rb4 Rd6 68. Ra4 Rd3+ 69. Kg2 Rd4 70. Ra5+ Kf4 71. Ra6 Kxg4 72. Rxh6 Rd2+ 73. Kf1 Kg3 74. Ra6 Rd1+ 75. Ke2 Rb1 76.
Ra3+ Kg2 77. Ra4 Rb5 78. Re4 Rf5 79. Ke1 Rf4 80. Re2+ Kg1 81. Re3 g4 82. Ke2 Kg2 83. Re8 g3 84.
Ke1 Kg1 85. Re7 g2 86. Re8 Rh4 0-1

[Event "Polofinale MCR junioru 2023"]
[Site "Czech Republic"]
[Date "2023.11.12"]
[Round "2.15"]
[White "Mach, Petr"]
[Black "Sprinar, Michal"]
[Result "1-0"]
[TimeControl "90 min per 40 moves + 15 min + 30 sec / move from move 1"]
[WhiteFideId "383546"]
[BlackFideId "23714190"]
[WhiteElo "2084"]
[BlackElo "1742"]

1. Nf3 c5 2. g3 Nc6 3. d4 cxd4 4. Nxd4 g6 5. Bg2 Bg7 6. Nxc6 bxc6 7. c4 Nf6 8. Nc3 O-O 9. O-O a5 10. b3 Bb7 11. Bb2 Qc7 12.
c5 d5 13. cxd6 exd6 14. Rc1 Rad8 15. Rc2 Ba6 16. Qa1 Ne8 17. Nd5 Bxb2 18. Qxb2 Qd7 19. Rxc6 Bb5 20. Rc7 Qe6 21. Ne7+ 1-0

[Event "Polofinale MCR junioru 2023"]
[Site "Czech Republic"]
[Date "2023.11.12"]
[Round "2.16"]
[White "Svadlenka, Dominik"]
[Black "Jirasko, Miroslav"]
[Result "0-1"]
[TimeControl "90 min per 40 moves + 15 min + 30 sec / move from move 1"]
[WhiteFideId "23716258"]
[BlackFideId "23729414"]
[WhiteElo "1725"]
[BlackElo "2084"]

1. d4 d5 2. c4 e6 3. Nc3 a6 4. cxd5 exd5 5. Nf3 h6 6. Bf4 Nf6 7. h3 Bd6 8. Bxd6 Qxd6 9. e3 Bf5 10.
Bd3 Bxd3 11. Qxd3 Nbd7 12. O-O O-O 13.
Rac1 c6 14. Rb1 Rfe8 15. b4 b5 16. Qc2 Nb6 17. Ne5 Nfd7 18. Nd3 Nc4 19. Ra1 a5 20. a3 Ra7 21. Ra2 axb4 22. axb4 Rxa2 23.
Qxa2 Ndb6 24. Ra1 Qf6 25. Qe2 Qg5 26. Qg4 Qe7 27. Qg3 Nd2 28. Nc5 Nbc4 29. Ra6 Qf6 30. Nxd5 Qf5 31. e4 cxd5 32.
exf5 Re1+ 33. Kh2 Nf1+ 34. Kg1 Nxg3+ 35. Kh2 Nf1+ 36. Kg1 Nfe3+ 37. Kh2 Nxf5 38. Ra8+ Kh7 39. Rd8 Nd2 40. h4 h5 41.
Rxd5 Nf1+ 42. Kh3 N1e3 0-1

[Event "Polofinale MCR junioru 2023"]
[Site "Czech Republic"]
[Date "2023.11.12"]
[Round "2.17"]
[White "Vlcek, Vojtech"]
[Black "Kubiczek, Michal"]
[Result "1/2-1/2"]
[TimeControl "90 min per 40 moves + 15 min + 30 sec / move from move 1"]
[WhiteFideId "23728647"]
[BlackFideId "23706996"]
[WhiteElo "1703"]
[BlackElo "2068"]

1. d4 Nf6 2. c4 c5 3. d5 b5 4. cxb5 a6 5. bxa6 g6 6. Nc3 Bg7 7. g3 O-O 8. Bg2 d6 9. Nf3 Nxa6 10.
h3 Bf5 11. O-O Ne4 12. Nxe4 Bxe4 13. Nd2 Bxg2 14. Kxg2 Nb4 15. Qb3 Qd7 16. a3 Rfb8 17. Rb1 Na6 18. Qc2 Nc7 19. e4 Nb5 20.
Nf3 Qa7 21. Bf4 Nd4 22. Nxd4 Bxd4 23. Bc1 Rb6 24. Rd1 Rab8 25. b3 Qa6 26. Rd3 Bg7 27. Rd1 Qb7 28. b4 cxb4 29. axb4 Rxb4 30.
Rxb4 Qxb4 31. Be3 1/2-1/2

[Event "Polofinale MCR junioru 2023"]
[Site "Czech Republic"]
[Date "2023.11.12"]
[Round "2.18"]
[White "Vasinek, Martin"]
[Black "Vojta, Jakub"]
[Result "0-1"]
[TimeControl "90 min per 40 moves + 15 min + 30 sec / move from move 1"]
[WhiteFideId "392200"]
[BlackFideId "382515"]
[WhiteElo "1987"]
[BlackElo "2267"]

1. d4 Nf6 2. Nf3 b6 3. c4 Bb7 4. e3 e6 5. a3 d5 6. Nc3 Be7 7. Be2 O-O 8. O-O Nbd7 9. b3 c5 10.
Bb2 Rc8 11. Rc1 cxd4 12. exd4 dxc4 13. Bxc4 Nb8 14. Ne5 Nc6 15. Nxc6 Bxc6 16. Qd3 Nd5 17. Ne2 Bd6 18. Bxd5 Bxd5 19.
Rxc8 Qxc8 20. Rc1 Qb7 21. f3 Rc8 22. Rxc8+ Qxc8 23. Nc3 Bc6 24. Ne4 Be7 25. Qc3 Bb7 26. Kf2 Qxc3 27. Nxc3 Kf8 28.
Ke3 Ke8 29. g3 Kd7 30. Ne2 Bd5 31. b4 Bc4 32. Nc1 Kd6 33.
Nd3 f6 34. Bc3 Bb5 35. Nb2 Kd5 36. f4 f5 37. Be1 Bf6 38. Bc3 h6 39. h4 Be8 40. a4 a6 41. a5 bxa5 42. bxa5 Bb5 43.
Nd3 Kc4 44. Ba1 Bd8 45. Nc5 Bxa5 46. Nxe6 g6 47. h5 gxh5 48. Ng7 Bd7 49. Nxh5 Bd8 50. d5 Kxd5 51. Nf6+ Ke6 52. Nxd7 Kxd7 53.
Kf3 h5 54. Ke3 Ke6 55. Bc3 Bb6+ 56. Ke2 Kd5 57. Be1 Ke4 0-1

[Event "Polofinale MCR junioru 2023"]
[Site "Czech Republic"]
[Date "2023.11.12"]
[Round "2.19"]
[White "Ocelak, Jakub"]
[Black "Vylicil, Adam"]
[Result "1/2-1/2"]
[TimeControl "90 min per 40 moves + 15 min + 30 sec / move from move 1"]
[WhiteFideId "23707933"]
[BlackFideId "23717556"]
[WhiteElo "2238"]
[BlackElo "1896"]

1. Nf3 d5 2. e3 Nf6 3. c4 e6 4. Nc3 a6 5. b3 Bd6 6. Bb2 O-O 7. Qc2 Qe7 8. g4 dxc4 9. g5 Nfd7 10.
bxc4 f5 11. Be2 c6 12. e4 Ne5 13. O-O-O Nxf3 14. Bxf3 Ba3 15. exf5 exf5 16. Rde1 Bxb2+ 17. Qxb2 Qxg5 18. Rhg1 Qf6 19.
Qb4 a5 20. Qe7 Qxe7 21. Rxe7 Rf7 22. Nd5 Nd7 23. Re8+ Rf8 24. Re7 Rf7 25. Re8+ Rf8 26. Re7 Rf7 1/2-1/2

[Event "Polofinale MCR junioru 2023"]
[Site "Czech Republic"]
[Date "2023.11.12"]
[Round "2.20"]
[White "Winter, Ondrej"]
[Black "Pressler, Tobias"]
[Result "1/2-1/2"]
[TimeControl "90 min per 40 moves + 15 min + 30 sec / move from move 1"]
[WhiteFideId "23702192"]
[BlackFideId "23715359"]
[WhiteElo "2163"]
[BlackElo "1937"]

1. e4 e6 2. d4 d5 3. Nd2 a6 4. Bd3 c5 5. dxc5 Bxc5 6. Ngf3 Nc6 7. O-O Nf6 8. Qe2 Nb4 9. e5 Nd7 10.
a3 Nxd3 11. cxd3 O-O 12. b4 Be7 13. Nb3 b6 14. Bb2 Bb7 15. Rfc1 Rc8 16. Qe1 Re8 17. Nbd4 Rxc1 18. Rxc1 Qb8 19.
h4 Rc8 20. Rxc8+ Qxc8 21. h5 h6 22. g3 Qc7 23. Qc3 Bd8 24. Qe1 Bc6 1/2-1/2

[Event "Polofinale MCR junioru 2023"]
[Site "Czech Republic"]
[Date "2023.11.12"]
[Round "2.21"]
[White "Stocek, Martin"]
[Black "Valdman, Jakub"]
[Result "0-1"]
[TimeControl "90 min per 40 moves + 15 min + 30 sec / move from move 1"]
[WhiteFideId "380121"]
[BlackFideId "23718196"]
[WhiteElo "2125"]
[BlackElo "1594"]

1. d4 Nf6 2. c4 c5 3. d5 e6 4. Nc3 exd5 5. cxd5 d6 6. Nf3 g6 7. g3 Bg7 8. Bg2 O-O 9. O-O Re8 10. Nd2 a6 11. a4 Nbd7 12.
e4 Rb8 13. Nc4 Ne5 14. Na3 Qb6 15. Kh1 c4 16. Qc2 Qc7 17. Be3 Bd7 18. a5 Qxa5 19. Nxc4 Qb4 20. Nxe5 Rxe5 21. Ra3 Bb5 22.
Nxb5 Qxb5 23. Qc7 Rbe8 24. Bd4 Rxe4 25. Bxf6 Bxf6 26. Qxd6 Be7 27. Qc7 Bxa3 28. bxa3 Re1 29. Kg1 Rxf1+ 30. Bxf1 Qxd5 31. Qc3 Qc6 32.
Qb4 b5 33. h4 Re4 34. Qd2 Ra4 35. h5 gxh5 36. Bd3 h6 37. Qe3 Qe6 38. Qf3 Rxa3 39. Bh7+ Kxh7 40. Qxa3 Qe1+ 41. Kg2 Qe4+ 42. Kg1 h4 43. gxh4 Qxh4 44.
Qxa6 Qg5+ 45. Kf1 Qf5 46. Qb7 h5 47. Kg2 h4 48. Qe7 h3+ 49. Kh2 Qf3 50. Qh4+ Kg6 51. Qg5+ Kxg5 0-1

[Event "Polofinale MCR junioru 2023"]
[Site "Czech Republic"]
[Date "2023.11.12"]
[Round "2.22"]
[White "Benes, Jachym"]
[Black "Mrazek, Roman"]
[Result "1/2-1/2"]
[TimeControl "90 min per 40 moves + 15 min + 30 sec / move from move 1"]
[WhiteFideId "23710870"]
[BlackFideId "23707062"]
[WhiteElo "1950"]
[BlackElo "1866"]

1. d4 d5 2. c4 c6 3. Nc3 Nf6 4. cxd5 cxd5 5. f3 Nc6 6. e4 e6 7. e5 Nd7 8. f4 Be7 9. Nf3 O-O 10.
Be2 a6 11. a4 Bb4 12. O-O f5 13. exf6 Nxf6 14. Bd3 Qb6 15. Bc2 Bd7 16. Kh1 Rae8 17. Be3 g6 18. Ne5 Re7 19. Ne2 Nxe5 20.
fxe5 Ng4 21. Rxf8+ Kxf8 22. Qd3 Rf7 23. h3 Nxe3 24. Qxe3 Kg7 25. Rd1 Be7 26. b3 Qd8 27. Qg3 Qf8 1/2-1/2

[Event "Polofinale MCR junioru 2023"]
[Site "Czech Republic"]
[Date "2023.11.12"]
[Round "2.23"]
[White "Janous, Marek"]
[Black "Mydlar, Matej"]
[Result "1-0"]
[TimeControl "90 min per 40 moves + 15 min + 30 sec / move from move 1"]
[WhiteFideId "23709650"]
[BlackFideId "23735074"]
[WhiteElo "2098"]
[BlackElo "1809"]

1. e4 c5 2. Nf3 d6 3. Bb5+ Nc6 4. d4 cxd4 5. Qxd4 Bd7 6. Bxc6 bxc6 7. c4 e5 8. Qd3 Be6 9. O-O Qc7 10.
b3 Nf6 11. Nc3 Be7 12. Bg5 O-O 13. Rfd1 Rfd8 14. Bxf6 Bxf6 15. Rac1 Qb7 16. h3 g6 17. Qe3 Qe7 18. Rd3 Bg7 19.
Rcd1 Rd7 20. c5 Rad8 21. cxd6 Rxd6 22. Qc5 Rxd3 23. Qxe7 Rxd1+ 24. Nxd1 Rxd1+ 25. Kh2 Bf8 26. Qxa7 c5 27.
Ng5 Bd7 28. Qb8 Be6 29. Nxe6 fxe6 30. Qe8 Rd6 31. Qc8 Rb6 32. Qc7 Ra6 33. a4 1-0

[Event "Polofinale MCR junioru 2023"]
[Site "Czech Republic"]
[Date "2023.11.12"]
[Round "2.24"]
[White "Bezdek, Tomas"]
[Black "Hampl, David"]
[Result "1-0"]
[TimeControl "90 min per 40 moves + 15 min + 30 sec / move from move 1"]
[WhiteFideId "23733551"]
[BlackFideId "398802"]
[WhiteElo "2078"]
[BlackElo "1801"]

1. e4 c6 2. d4 d5 3. exd5 cxd5 4.
Bd3 Nc6 5. c3 g6 6. Bf4 Bg7 7. Nf3 Nf6 8. h3 O-O 9. O-O a6 10. Nbd2 b5 11. b4 Nd7 12. a4 e5 13. axb5 exf4 14.
bxc6 Nb6 15. Nb3 Nc4 16. Bxc4 dxc4 17. Nc5 Qd5 18. b5 Rb8 19. bxa6 Qxc6 20. Nd2 Be6 21. Qa4 Rfc8 22. Qxc6 Rxc6 23.
Nxe6 fxe6 24. a7 Ra8 25. Rfb1 Rcc8 26. Nxc4 Rxc4 27. Rb8+ Rc8 28. Rxc8+ Rxc8 29. Rb1 Bxd4 30. cxd4 1-0

[Event "Polofinale MCR junioru 2023"]
[Site "Czech Republic"]
[Date "2023.11.12"]
[Round "2.25"]
[White "Bohacek, Jan Andrej"]
[Black "Jurok, Vojtech"]
[Result "1-0"]
[TimeControl "90 min per 40 moves + 15 min + 30 sec / move from move 1"]
[WhiteFideId "23727357"]
[BlackFideId "23741023"]
[WhiteElo "2066"]
[BlackElo "1801"]

1. d4 Nf6 2. Nc3 d5 3. Bf4 c6 4. e3 Bf5 5. f3 h5 6. Bd3 Bxd3 7. cxd3 e6 8. e4 c5 9. Qa4+ Nc6 10.
Nb5 Rc8 11. Nxa7 Ra8 12. Nxc6 Rxa4 13. Nxd8 Kxd8 14. dxc5 Bxc5 15. Ne2 Kd7 16. Nc3 Rb4 17. b3 Bd4 18. Bd2 Rb6 19. Rc1 Rc8 20.
Ke2 Rbc6 21. Nb5 Bb2 22. Rxc6 Rxc6 23. Rb1 Be5 24. d4 Bb8 25. e5 Ne8 26. Kd3 f6 27. f4 Rb6 28. a4 Ra6 29.
h3 Bc7 30. g4 hxg4 31. hxg4 Ba5 32. b4 Bd8 33. Nc3 Rc6 34. a5 Rc4 35. Na4 1-0

[Event "Polofinale MCR junioru 2023"]
[Site "Czech Republic"]
[Date "2023.11.12"]
[Round "2.26"]
[White "Veny, Jaume"]
[Black "Kulhanek, Jachym"]
[Result "1/2-1/2"]
[TimeControl "90 min per 40 moves + 15 min + 30 sec / move from move 1"]
[WhiteFideId "397792"]
[BlackFideId "23716193"]
[WhiteElo "1729"]
[BlackElo "2056"]

1. e4 c5 2. Nf3 d6 3. d4 cxd4 4. Nxd4 Nf6 5. Nc3 g6 6. Be3 Bg7 7. f3 O-O 8. Qd2 Nc6 9. g4 h5 10.
gxh5 Nxh5 11. O-O-O Qa5 12. Kb1 Nxd4 13. Bxd4 Bxd4 14. Qxd4 Be6 15. Nd5 Bxd5 16. exd5 Rac8 17. f4 Qc5 18.
c3 Qxd4 19. Rxd4 Kg7 20. Rg1 Kf6 21. Be2 Rh8 22. Bg4 Rc5 23. Kc2 Ng7 24. h3 Nf5 25. Bxf5 Kxf5 26. Rg5+ Kf6 27. Rg3 Rh5 28. c4 b5 29. b3 b4 30.
Re3 Rc8 31. Kd2 Rch8 32. Rdd3 Rh4 33. Rf3 Kf5 34. Rde3 Re8 35. Ke2 f6 36. Re6 Rxf4 37. Rfe3 Rd4 38. Rxe7 Rxe7 39. Rxe7 Re4+ 40.
Rxe4 Kxe4 41. h4 Ke5 1/2-1/2

[Event "Polofinale MCR junioru 2023"]
[Site "Czech Republic"]
[Date "2023.11.12"]
[Round "2.27"]
[White "Nespurek, Jakub"]
[Black "Svacina, Tobias"]
[Result "0-1"]
[TimeControl "90 min per 40 moves + 15 min + 30 sec / move from move 1"]
[WhiteFideId "391816"]
[BlackFideId "385859"]
[WhiteElo "1680"]
[BlackElo "1941"]

1. e4 c5 2. c3 Nf6 3. e5 Nd5 4. d4 cxd4 5. cxd4 d6 6. Nf3 Nc6 7. Bc4 Nb6 8. Bb5 dxe5 9. Nxe5 Bd7 10.
Nxd7 Qxd7 11. Be3 Qd5 12. Bxc6+ Qxc6 13. O-O e6 14. Nc3 Be7 15. Rc1 O-O 16. Qd3 Rac8 17. Qb5 Qxb5 18. Nxb5 a6 19.
Nc3 Nc4 20. Rc2 Nxb2 21. Rxb2 Rxc3 22. Rxb7 Bf6 23. Rb3 Rxb3 24. axb3 Rb8 25. Rb1 Rb4 26. Kf1 Bxd4 27. Bxd4 Rxd4 28. Ra1 Rd6 29. Ke2 Kf8 30. Ke3 Ke7 31.
Ra5 Kf6 32. Ke4 h6 33. g4 Rb6 34. Ra3 Kg5 35. Kf3 Kh4 36. Kf4 Rb4+ 37. Kf3 Rb6 38. Kf4 Kh3 39. f3 f6 40. Ke3 Kxh2 41.
Kf2 e5 42. Ke3 Kg3 0-1

[Event "Polofinale MCR junioru 2023"]
[Site "Czech Republic"]
[Date "2023.11.12"]
[Round "2.28"]
[White "Slaby, Matej"]
[Black "Svadlenka, Michal"]
[Result "0-1"]
[TimeControl "90 min per 40 moves + 15 min + 30 sec / move from move 1"]
[WhiteFideId "23734876"]
[BlackFideId "23717068"]
[WhiteElo "1940"]
[BlackElo "1689"]

1. d4 Nf6 2. Nf3 g6 3. Bf4 Bg7 4. e3 O-O 5. h3 d5 6. Be2 e6 7. O-O Nbd7 8. Nbd2 b6 9. a4 a5 10.
Re1 Bb7 11. Ne5 Rc8 12. c3 Qe7 13. Bh2 c5 14. Bb5 Nxe5 15. Bxe5 Bc6 16. Qe2 Nd7 17. Bxg7 Kxg7 18. Bxc6 Rxc6 19.
e4 dxe4 20. Qxe4 Rd6 21. Nc4 Nf6 22. Qf3 Rdd8 23. Ne5 Qc7 24. dxc5 Qxc5 25. b4 Qd5 26. Qe2 Rc8 27. Qb2 Rfd8 28.
Qe2 Rxc3 29. Rad1 Qa8 30. Rxd8 Qxd8 31. Rd1 Qc7 32. b5 Qc5 33. g3 Rxg3+ 34. Kh2 Rc3 35. Rd2 Nd5 36. Qe4 Qa3 37. Nd3 Qd6+ 38. Kg2 Nb4 39. Nxb4 Qxd2 40. Qe5+ f6 41. Qxe6 axb4 0-1

[Event "Polofinale MCR junioru 2023"]
[Site "Czech Republic"]
[Date "2023.11.12"]
[Round "2.29"]
[White "Cerny, Michal"]
[Black "Urbansky, Stepan"]
[Result "1/2-1/2"]
[TimeControl "90 min per 40 moves + 15 min + 30 sec / move from move 1"]
[WhiteFideId "391964"]
[BlackFideId "23761741"]
[WhiteElo "1920"]
[BlackElo "1675"]

1. e4 c5 2. Nf3 d6 3. d4 cxd4 4. Nxd4 Nf6 5. Nc3 a6 6. Be2 e5 7. Nb3 Be7 8. O-O O-O 9. Be3 Be6 10.
f4 exf4 11. Bxf4 Nc6 12. Kh1 Rc8 13. Qe1 Nd7 14. Rd1 Nde5 15. Nd5 Bxd5 16. exd5 Nb8 17. Bxe5 dxe5 18. Bd3 Bd6 19. Na5 b5 20.
Nb7 Qc7 21. Nxd6 Qxd6 22. Qh4 g6 23. c3 Nd7 24. a4 Rb8 25. axb5 axb5 26. Be2 f5 27. Qb4 Rf6 28. Qa5 Qb6 29.
Qb4 Rd6 30. Bxb5 Nc5 31. c4 e4 32. Qd2 Nd3 33. h3 Qc5 34. g4 f4 35. Rxf4 Nxf4 36. Qxf4 e3 37. Re1 Rxb5 38. cxb5 Qxd5+ 39. Kg1 Re6 40. Rxe3 Qd1+ 41.
Kf2 Qd2+ 42. Kf3 Qd1+ 43. Kg3 Qg1+ 44. Kf3 Qf1+ 1/2-1/2

[Event "Polofinale MCR junioru 2023"]
[Site "Czech Republic"]
[Date "2023.11.12"]
[Round "2.30"]
[White "Zezula, Matej"]
[Black "Hrbek, Jachym"]
[Result "0-1"]
[TimeControl "90 min per 40 moves + 15 min + 30 sec / move from move 1"]
[WhiteFideId "23725796"]
[BlackFideId "23709138"]
[WhiteElo "1666"]
[BlackElo "1913"]

1. e4 c6 2. d4 d5 3. exd5 cxd5 4. c4 Nf6 5. Nc3 Nc6 6. Nf3 Be6 7. c5 a6 8. Bf4 g6 9. Be2 Bg7 10.
O-O O-O 11. Na4 Nd7 12. h3 Qa5 13. Rc1 Bf5 14. Nc3 Be4 15. Be3 Bxf3 16. Bxf3 e6 17. a3 Rac8 18. Ne2 b6 19. Bd2 Qb5 20.
a4 Qd3 21. Rc3 Qf5 22. Qc1 Nxd4 23. Nxd4 Bxd4 24. Bg4 Qe5 25. Bf4 Qh8 26. c6 Nc5 27. Rg3 Bxb2 28. Qe3 Ne4 29. Bh6 Bd4 30.
Qd3 Nxg3 31. Qxg3 Bg7 32. Bf4 Rxc6 0-1

[Event "Polofinale MCR junioru 2023"]
[Site "Czech Republic"]
[Date "2023.11.12"]
[Round "2.31"]
[White "Babula, Matej"]
[Black "Sadil, Antonin"]
[Result "1-0"]
[TimeControl "90 min per 40 moves + 15 min + 30 sec / move from move 1"]
[WhiteFideId "398322"]
[BlackFideId "23735597"]
[WhiteElo "1899"]
[BlackElo "1648"]

1. e4 c5 2. Nf3 d6 3. d4 cxd4 4. Nxd4 Nf6 5. Nc3 g6 6. Be3 Bg7 7. f3 O-O 8. Bc4 Nc6 9. Qd2 Bd7 10.
h4 Ne5 11. Bb3 h5 12. O-O-O Rc8 13. Bg5 Qa5 14. g4 hxg4 15. Kb1 Nxf3 16. Nxf3 gxf3 17. h5 gxh5 18. Bxf6 exf6 19. Rdg1 Bg4 20.
Rxg4 hxg4 21. Nd5 Qd8 22. Ne3 g3 23. Nf5 g2 24. Rg1 Rc5 25. Bd5 Qd7 26. Qf4 Rxd5 27. exd5 Qb5 28. Ne7+ Kh7 29.
Qf5+ Kh6 30. Qh3+ Kg5 31. Qg3+ Kh6 32. Qh4# 1-0

[Event "Polofinale MCR junioru 2023"]
[Site "Czech Republic"]
[Date "2023.11.12"]
[Round "2.32"]
[White "Popov, Roman"]
[Black "Mrazek, Adam"]
[Result "0-1"]
[TimeControl "90 min per 40 moves + 15 min + 30 sec / move from move 1"]
[WhiteFideId "23732580"]
[BlackFideId "23725010"]
[WhiteElo "1889"]
[BlackElo "1643"]

1. d4 d5 2. c4 Nc6 3. Nf3 Bg4 4. cxd5 Bxf3 5. gxf3 Qxd5 6. e3 e5 7. Nc3 Bb4 8. Bd2 Bxc3 9. bxc3 Nge7 10.
e4 Qd6 11. d5 Nd8 12. Qa4+ c6 13. c4 O-O 14. c5 Qf6 15. d6 Ng6 16. Be2 Ne6 17. Be3 Nh4 18. Rg1 Nxf3+ 19. Bxf3 Qxf3 20.
Rd1 Nd4 21. Bxd4 Qxe4+ 22. Kf1 exd4 23. Qxd4 Qxd4 24. Rxd4 b6 25. cxb6 axb6 26. Rd2 Rfd8 27. Rg3 Rd7 28. Rb3 b5 29.
Rc3 Rc8 30. Rc5 f6 31. Rdc2 Rxd6 32. Rxb5 cxb5 33. Rxc8+ Kf7 34. Rb8 Rd5 35. Rb7+ Kg6 36. Ke2 Rh5 37. a3 Rxh2 38. Rxb5 Rh3 39.
a4 Ra3 40. Ra5 h5 41. Kf1 h4 42. Kg2 h3+ 43. Kh2 f5 44. Re5 Ra2 45. Kxh3 Rxf2 46. Re7 Kf6 47. Ra7 g5 48. Kg3 Ra2 49.
a5 Ra3+ 50. Kf2 Ke5 51. a6 Kf4 52. Ra8 g4 53. a7 g3+ 54. Ke1 g2 55. Kf2 Ra2+ 56. Kg1 Kf3 0-1

[Event "Polofinale MCR junioru 2023"]
[Site "Czech Republic"]
[Date "2023.11.12"]
[Round "2.33"]
[White "Gregor, Alexandr"]
[Black "Fizerova, Lucie"]
[Result "0-1"]
[TimeControl "90 min per 40 moves + 15 min + 30 sec / move from move 1"]
[WhiteFideId "23735813"]
[BlackFideId "385115"]
[WhiteElo "1601"]
[BlackElo "1886"]

1. e4 c5 2. Nf3 d6 3. d4 cxd4 4. Nxd4 Nf6 5. Nc3 Nc6 6. Be2 e5 7. Nb3 Be7 8. Be3 O-O 9. O-O a5 10.
a4 Nb4 11. f3 d5 12. exd5 Nbxd5 13. Nxd5 Nxd5 14. Bf2 Be6 15. Nc5 Bxc5 16. Bxc5 Re8 17. Bd3 Qc7 18. Bf2 Red8 19. Qe1 Nb4 20.
Bg3 Nxd3 21. cxd3 Rxd3 22. Bxe5 Qc5+ 23. Kh1 Re3 24. Bd6 Qd4 25. Qg3 Bb3 26. Rac1 Re6 27. f4 Qxa4 28. f5 Re4 29.
h3 Qb5 30. f6 g6 31. Rf4 0-1

[Event "Polofinale MCR junioru 2023"]
[Site "Czech Republic"]
[Date "2023.11.12"]
[Round "2.34"]
[White "Rucabado, Stefan"]
[Black "Meca, Viktor"]
[Result "0-1"]
[TimeControl "90 min per 40 moves + 15 min + 30 sec / move from move 1"]
[WhiteFideId "23730315"]
[BlackFideId "23739800"]
[WhiteElo "1873"]
[BlackElo "1642"]

1. e4 c5 2. Nf3 d6 3. d4 cxd4 4. Nxd4 Nf6 5. Nc3 g6 6. Be3 Bg7 7. f3 O-O 8. Qd2 Nc6 9. O-O-O d5 10.
exd5 Nxd5 11. Nxc6 bxc6 12. Bd4 e5 13. Bc5 Be6 14. Ne4 Re8 15. Bc4 Qc7 16. g4 Red8 17. Qf2 a5 18. g5 Rab8 19.
h4 Qb7 20. c3 Nf4 21. Bxe6 Nxe6 22. Ba3 Nf4 23. Nc5 Qb6 24. Qc2 Bf8 25. Nd7 Qe3+ 26. Qd2 Nd3+ 27. Kc2 Qxd2+ 28. Rxd2 Rxd7 29.
Rxd3 Rdb7 30. Kd2 Bxa3 31. bxa3 Rb2+ 32. Ke3 Rxa2 33. Re1 Rxa3 34. Ke4 f5+ 35. gxf6 Ra4+ 36. Ke3 Rxh4 37. Ra1 a4 38.
Rd6 Rb6 39. Kd3 Rf4 40. Re1 Rxf3+ 41. Kc4 Rb3 42. Rc1 Kf7 43. Rxc6 Rxf6 44. Rc7+ Ke6 45. Rxh7 Rf4+ 46. Kc5 Rf7 47.
Rxf7 Kxf7 48. Kd6 e4 49. Ke5 e3 50. Kd4 e2 51. Kd3 Rb2 52. c4 a3 53. Kc3 Rb7 54. Kd2 a2 55. Kc2 Rb1 0-1

[Event "Polofinale MCR junioru 2023"]
[Site "Czech Republic"]
[Date "2023.11.12"]
[Round "2.35"]
[White "Pistej, Tomas"]
[Black "Stejskal, Michal"]
[Result "1-0"]
[TimeControl "90 min per 40 moves + 15 min + 30 sec / move from move 1"]
[WhiteFideId "23750740"]
[BlackFideId "398195"]
[WhiteElo "1502"]
[BlackElo "1872"]

1. e4 e5 2. Nc3 Nc6 3. Bc4 Nf6 4. d3 Bb4 5. Nge2 d5 6. exd5 Nxd5 7. O-O Be6 8. Nxd5 Bxd5 9. Bxd5 Qxd5 10.
a3 Bd6 11. Nc3 Qe6 12. f4 O-O-O 13. fxe5 Bxe5 14. Ne2 Rhe8 15. Nf4 Qd6 16. Qg4+ Kb8 17. c3 Na5 18. d4 Nb3 19. Rb1 Qb6 20.
Kh1 Bf6 21. Nh5 Nxc1 22. Nxf6 gxf6 23. Rfxc1 Re7 24. b4 Rde8 25. Qg3 Qe6 26. h3 b6 27. c4 Qe2 28. c5 Re3 29. Qf4 Rg8 30.
Rg1 Qd3 31. Rbe1 Rxe1 32. Rxe1 Qxa3 33. cxb6 axb6 34. Re7 Rc8 35. d5 Qd3 36. Rd7 Qb5 37. Rxf7 Qxd5 38. Rxh7 Qb3 39. Rh6 Rf8 40.
h4 Qc3 41. h5 Kb7 42. Rh7 Qc2 43. Rd7 Qc6 44. Rd3 Rh8 45. Rh3 b5 46. h6 Rg8 47. Qf3 Rh8 48. Qf4 Rg8 49. Rf3 Qc2 50. Rf2 Qd1+ 51. Kh2 Qh5+ 52. Kg1 Qd1+ 53. Kh2 Rh8 54.
Rf3 Qd6 55. Qxd6 Rxh6+ 56. Rh3 Rxh3+ 57. gxh3 cxd6 58. h4 d5 59. h5 d4 60. Kg2 Kc6 61. h6 Kd5 62. h7 Kc4 63. h8=Q Kxb4 64.
Qxf6 d3 65. Qb2+ Kc4 66. Kf2 b4 67. Ke3 1-0